 Dungeon Crawl Stone Soup version 0.31.0-11-ge490571c62 (webtiles) character file.

Game seed: 836568569713962691

28 Skitler the Covert (level 3, 0/35 HPs)
             Began as a Gnoll Delver on Feb 3, 2024.
             Slain by a gnoll
             ... wielding a +0 club
              (4 damage)
             ... on level 3 of the Dungeon.
             The game lasted 00:01:13 (267 turns).

Skitler the Covert (Gnoll Delver)                    Turns: 267, Time: 00:01:13

Health: 0/35       AC:  3    Str: 13    XL:     3   Next: 14%
Magic:  2/4        EV: 13    Int:  9    God:
Gold:   9          SH:  5    Dex: 13    Spells: 3/3 levels left

rFire   . . .        a - +0 hand axe
rCold   . . .        (no shield)
rNeg    . . .        b - +0 leather armour
rPois   .            (no helmet)
rElec   .            (no cloak)
rCorr   .            (no gloves)
SInv    .            (no boots)
Will    .....        i - amulet of reflection
Stlth   ++++         (no ring)
HPRegen 0.25/turn    (no ring)
MPRegen 0.09/turn

%: reflection
@: attractive, hasted, very quick
A: fangs 1, strong nose, distributed training
a: no special abilities


You were on level 3 of the Dungeon.
You visited 1 branch of the dungeon, and saw 3 of its levels.

You collected 9 gold pieces.

Inventory:

Hand Weapons
 a - a +0 hand axe (weapon)
Armour
 b - a +0 leather armour (worn)
 k - +0 pearl dragon scales
 m - a scarf of resistance
Jewellery
 i - an amulet of reflection (around neck)
Wands
 g - a wand of digging (3)
Scrolls
 c - a scroll of fog
 d - a scroll of revelation
 e - a scroll of fear
 j - a scroll of blinking {unknown}
 l - a scroll of poison {unknown}


   Skills:
 + Level 6.5 Fighting
 + Level 0.7 Short Blades
 + Level 0.7 Long Blades
 + Level 4.5 Axes
 + Level 0.7 Maces & Flails
 + Level 0.7 Polearms
 + Level 0.7 Staves
 + Level 0.7 Ranged Weapons
 + Level 0.7 Throwing
 + Level 0.7 Armour
 + Level 4.5 Dodging
 + Level 9.5 Stealth
 + Level 0.7 Shields
 + Level 0.7 Unarmed Combat
 + Level 0.7 Spellcasting
 + Level 0.5 Conjurations
 + Level 0.5 Hexes
 + Level 0.5 Summonings
 + Level 0.5 Necromancy
 + Level 0.5 Translocations
 + Level 0.5 Fire Magic
 + Level 0.5 Ice Magic
 + Level 0.5 Air Magic
 + Level 0.5 Earth Magic
 + Level 0.5 Alchemy
 + Level 0.9 Invocations
 + Level 0.7 Evocations
 + Level 0.6 Shapeshifting


You had 3 spell levels left.
You didn't know any spells.
Your spell library was empty.

Dungeon Overview and Level Annotations

Branches:
Dungeon (5/15)
 Temple: D:4-7

Altars:
Dithmenos

Annotations:
D:4 Edmund


Innate Abilities, Weirdness & Mutations

You have very sharp teeth.
Your uncanny sense of smell can sniff out nearby items.
Your experience applies equally to all skills.


Message History

The gnoll is severely wounded.
The gnoll barely misses you.
You hit the gnoll.
The gnoll is almost dead.
You hit the gnoll.
You kill the gnoll!
You closely miss the rat. The rat closely misses you.
You hit the rat but do no damage. The rat bites you but does no damage.
You hit the rat.
You kill the rat!
You barely miss the gnoll. You hit the gnoll.
The gnoll is heavily wounded.
The gnoll hits you with a +0 whip.
You closely miss the gnoll.
The gnoll is heavily wounded.
You closely miss the gnoll.
The gnoll is heavily wounded.
The gnoll hits you with a +0 whip.
You hit the gnoll.
The gnoll is severely wounded.
The gnoll hits you with a +0 whip.
You hit the gnoll but do no damage.
The gnoll is severely wounded.
The gnoll barely misses you.
You slash the gnoll!
You kill the gnoll!
You have reached level 3!
Your experience leads to an increase in your attributes!
Increase (S)trength, (I)ntelligence, or (D)exterity?
You feel stronger. x2
You hit the gnoll. You bite the gnoll, but do no damage.
The gnoll is lightly wounded.
The gnoll hits you from afar with a +0 spear!
* * * LOW HITPOINT WARNING * * *
You block the gnoll's attack.
It was a potion of attraction.
You feel attractive to monsters. The gnoll hits you with a +0 club.
You die...

$............#
.......#.....+
.......##.†..#
....g..
#....###
!.g..##
#..g.'.##
.....
#..g.#..# ....
#######g# ....
#g# #@## #..##
##..####
##....#
####.### #...#
###.## #..#
########.#


You could see 2 gnolls.

Vanquished Creatures
  2 gnolls (D:3)
  2 goblins (D:3)
  2 hobgoblins
  A kobold (D:4)
  A ball python (D:3)
  A rat (D:3)
9 creatures vanquished.

Notes
Turn   | Place    | Note
-------+----------+-------------------------------------------
     0 | D:5      | Reached skill level 9 in Stealth
     0 | D:5      | Skitler the Gnoll Delver began the quest for the Orb.
     0 | D:5      | Reached XP level 1. HP: 23/23 MP: 1/1
    26 | D:5      | Noticed a bullfrog
   120 | D:4      | Noticed Edmund
   168 | D:3      | Found a shadowy altar of Dithmenos.
   226 | D:3      | Reached XP level 2. HP: 29/29 MP: 2/2
   266 | D:3      | Reached XP level 3. HP: 12/35 MP: 2/4
   267 | D:3      | Slain by a gnoll

Illustrated notes

Levels and vault maps discovered:
D:3:      layout_basic, mainiacjoe_overflow_paths, grunt_ministairs_4
D:4:      layout_loops_cross, uniq_menkaure, uniq_edmund
D:5:      layout_cave_pools, minmay_between

Skill      XL: | |
---------------+-+-----
Stealth        | |  9.5
Fighting       | |  6.5
Short Blades   | |  0.7
Long Blades    | |  0.7
Axes           | |  4.5
Maces & Flails | |  0.7
Polearms       | |  0.7
Staves         | |  0.7
Ranged Weapons | |  0.7
Throwing       | |  0.7
Armour         | |  0.7
Dodging        | |  4.5
Shields        | |  0.7
Unarmed Combat | |  0.7
Spellcasting   | |  0.7
Conjurations   | |  0.5
Hexes          | |  0.5
Summonings     | |  0.5
Necromancy     | |  0.5
Translocations | |  0.5
Fire Magic     | |  0.5
Ice Magic      | |  0.5
Air Magic      | |  0.5
Earth Magic    | |  0.5
Alchemy        | |  0.5
Invocations    | |  0.9
Evocations     | |  0.7
Shapeshifting  | |  0.6

Action                     || total
---------------------------++-------
  Melee: Hand axe          ||    26
         Bite              ||     3
    Use: Potion            ||     2
   Stab: Sleeping          ||     3
 Armour: Leather armour    ||    15
  Dodge: Dodged            ||    10
  Block: Other             ||     4
